AoeStats
← SOTER LATIN LOVE

MegaRandom

507512242Analyzed
3v3 RM · 15d ago on Sep 18, 2026· 88m 30s· 6 players
Game mode
Random Map
Map size
Normal (6 player)
Population
200
Speed
Normal
Resources
Standard
Victory
Conquest
Starting age
Dark Age
Ending age
Imperial Age
RankedLock teamsTeams togetherTeam positionsShared explorationLock speedFull tech treeHidden civsTurbo modeCheats
Victory
Defeat
🇭🇷 Britons · Croatia
688
+12
🇺🇸 Jurchens · United States
660
+13
🇪🇸 Teutons · Spain
612
+14
🇨🇱 Japanese · Chile
619
-14
🇨🇱 Romans · Chile
603
-21
🇺🇸 Mongols · United States
540
-11
Vanillasainza
14:28 Feudal Age
16:52 Loom
16:50 Horse Collar
21:24 Double-Bit Axe
26:39 Castle Age
24:34 Stone Mining
24:23 Man-at-Arms
26:02 Gold Mining
30:46 Bow Saw
31:17 Fletching
32:03 Bloodlines
33:11 Wheelbarrow
39:01 Imperial Age
43:25 Elite Teutonic Knight
46:50 Conscription
46:26 Cavalier
48:44 Chemistry
47:56 Squires
49:22 Capped Ram
52:49 Two-Man Saw
64:44 Hand Cart
72:44 Pikeman
InquisitorOverhauls
3:19 Loom
10:34 Feudal Age
14:56 Horse Collar
20:31 Castle Age
19:21 Fletching
19:19 Fishing Lines
20:14 Padded Archer Armor
20:26 Town Watch
21:22 Wheelbarrow
21:25 Town Watch
21:30 Town Watch
22:05 Bodkin Arrow
23:11 Leather Archer Armor
24:19 Gold Mining
24:36 Double-Bit Axe
25:08 Squires
28:48 Ballistics
32:13 Imperial Age
31:59 Bow Saw
32:54 Bracer
34:06 Chemistry
34:41 Ring Archer Armor
35:59 Conscription
38:00 Elite Longbowman
39:03 Yeomen
40:45 Gold Shaft Mining
40:20 Stone Mining
51:16 Hand Cart
51:05 Town Patrol
52:24 Coinage
61:10 Siege Engineers
60:47 Treadmill Crane
75:44 Scale Mail Armor
75:55 Forging
75:50 Scale Barding Armor
80:38 Gillnets
83:52 Iron Casting
83:33 Chain Mail Armor
83:24 Scale Barding Armor
86:02 Masonry
85:39 Arrowslits
86:31 Spies/Treason
buraktaylaweb
12:09 Feudal Age
14:01 Wheelbarrow
13:10 Horse Collar
13:18 Double-Bit Axe
15:39 Gold Mining
15:55 Stone Mining
25:52 Castle Age
25:11 Forging
25:02 Scale Mail Armor
24:53 Fletching
24:56 Fishing Lines
26:58 Hand Cart
27:04 Bow Saw
29:37 Squires
29:49 Pikeman
30:42 Heavy Plow
32:12 Gillnets
33:02 Stone Shaft Mining
33:15 Gold Shaft Mining
32:32 Crossbowman
40:13 Ballistics
39:44 Guard Tower
45:32 Imperial Age
43:28 Elite Skirmisher
45:18 Iron Casting
48:15 Conscription
53:59 Blast Furnace
53:15 Chain Mail Armor
55:31 Heavy Rocket Cart
58:11 Capped Ram
60:01 Two-Man Saw
59:38 Crop Rotation
58:52 Siege Ram
68:44 Keep
68:49 Hoardings
68:15 Fortified Bastions
68:23 Scale Barding Armor
68:19 Padded Archer Armor
71:07 Elite Steppe Lancer
71:57 Arrowslits
74:51 Halberdier
sonofstoker
17:56 Feudal Age
28:39 Castle Age
27:18 Wheelbarrow
26:35 Double-Bit Axe
26:35 Horse Collar
30:27 Elite Skirmisher
30:30 Pikeman
32:53 Squires
36:41 Husbandry
36:54 Bloodlines
40:52 Hand Cart
40:26 Town Watch
40:57 Bow Saw
41:01 Heavy Plow
46:28 Gold Mining
46:33 Stone Mining
50:11 Gold Shaft Mining
50:18 Stone Shaft Mining
50:30 Forging
50:21 Scale Mail Armor
50:34 Fletching
82:21 Bodkin Arrow
83:17 Murder Holes
Jeshu17hds
6:06 Loom
11:04 Feudal Age
12:32 Wheelbarrow
12:49 Town Watch
22:38 Castle Age
23:59 Hand Cart
23:40 Crossbowman
23:44 Pikeman
23:44 Man-at-Arms
26:02 Double-Bit Axe
26:37 Elite Skirmisher
27:21 Squires
29:19 Gambesons
29:20 Arson
30:22 Town Patrol
31:13 Caravan
45:46 Imperial Age
53:24 Fishing Lines
54:32 Gillnets
58:20 Yasama
SOTER LATIN LOVE
2:09 Loom
11:39 Feudal Age
14:19 Man-at-Arms
18:50 Wheelbarrow
23:17 Forging
23:08 Scale Mail Armor
27:29 Castle Age
26:10 Fishing Lines
27:03 Padded Archer Armor
29:06 Gillnets
29:45 Crossbowman
29:52 Long Swordsman
29:53 Pikeman
38:49 Imperial Age
36:35 Hand Cart
40:41 Iron Casting
41:30 Legionary
43:11 Heavy Scorpion
54:01 Blast Furnace
55:43 Chain Mail Armor
55:14 Elite Skirmisher
58:26 Elite Skirmisher
Connection lost

Rejoining the realm…

Still unreachable

The connection could not be restored.

Session expired

The server has moved on; the page needs a fresh start.